 Dungeon Crawl Stone Soup version 0.29.1-15-g9cfb28693d (webtiles) character file.

Game seed: 10876101861855350510

3220 Sanktem7 the Cleaver (level 9, -6/81 HPs)
             Began as a Minotaur Fighter on Mar 13, 2023.
             Was a Believer of Okawaru.
             Mangled by a death yak (21 damage)
             ... on level 7 of the Dungeon.
             The game lasted 00:10:20 (7194 turns).

Sanktem7 the Cleaver (Minotaur Fighter)             Turns: 7194, Time: 00:10:20

Health: -6/81      AC: 14    Str: 25    XL:     9   Next: 66%
Magic:  8/8        EV: 12    Int:  5    God:    Okawaru [**....]
Gold:   441        SH: 10    Dex: 10    Spells: 8/8 levels left

rFire   . . .      SeeInvis .   a - +0 war axe {axe}
rCold   . . .      Faith    .   m - +0 kite shield
rNeg    . . .      Spirit   .   b - +0 scale mail
rPois   .          Reflect  .   (helmet restricted)
rElec   .          Harm     .   n - +2 cloak
rCorr   .          Rampage  .   F - +0 pair of gloves
Will    .....                   e - +0 pair of boots
Stlth   ..........              (no amulet)
HPRegen 0.23/turn               t - +4 ring of evasion
MPRegen 0.11/turn               (no ring)

@: no status effects
A: horns 2, retaliatory headbutt
a: Renounce Religion, Heroism


You were on level 7 of the Dungeon.
You worshipped Okawaru.
Okawaru was pleased with you.
You visited 2 branches of the dungeon, and saw 9 of its levels.

You collected 441 gold pieces.


Innate Abilities, Weirdness & Mutations

You have a pair of horns on your head.
You reflexively headbutt those who attack you in melee.


   Skills:
 + Level 8.1 Fighting
 * Level 10.6 Axes
 + Level 8.2 Armour
 + Level 8.1 Shields


You had 8 spell levels left.
You didn't know any spells.
Your spell library contained the following spells:

 Spells                   Type           Power      Damage    Failure   Level
 Sandblast                Erth           0%         2d4       95%         1
 Passwall                 Tmut/Erth      0%         N/A       99%         2
 Stone Arrow              Conj/Erth      0%         3d7       100%        3
 Fireball                 Conj/Fire      0%         3d3       100%        5
 Starburst                Conj/Fire      0%         6d3       100%        6
 Ignition                 Fire           0%         3d3       100%        8

Inventory:

Hand Weapons
 a - a +0 war axe (weapon) {axe}
 c - a +0 falchion of protection {long}
   (You took it off an orc on level 7 of the Dungeon)
 v - a +2 dagger of venom {short}
   (You took it off Dowan on level 7 of the Dungeon)
 A - a +2 flail of venom {mace}
   (You took it off a gnoll on level 5 of the Dungeon)
 D - a +0 short sword of venom {short}
   (You took it off Duvessa on level 7 of the Dungeon)
 I - a +0 short sword of flaming {short}
   (You took it off a kobold on level 7 of the Dungeon)
 J - a +0 whip of electrocution {mace}
   (You took it off Pikel on level 7 of the Dungeon)
Missiles
 i - 69 stones (quivered) {throwing}
 k - 24 poisoned darts {throwing}
 C - 3 throwing nets {=f!fthrowing}
 H - a curare-tipped dart {=fthrowing}
 M - 5 javelins {throwing}
Armour
 b - a +0 scale mail (worn)
 e - a +0 pair of boots (worn)
   (You found it on level 4 of the Dungeon)
 m - a +0 kite shield (worn)
   (You took it off a gnoll sergeant on level 6 of the Dungeon)
 n - a +2 cloak (worn)
   (You found it on level 2 of the Dungeon)
 F - a +0 pair of gloves (worn)
   (You found it on level 6 of the Dungeon)
Jewellery
 t - a +4 ring of evasion (left hand)
   (You found it on level 5 of the Dungeon)
Wands
 u - a wand of roots (11)
   (You found it on level 7 of the Dungeon)
 B - a wand of flame (23)
   (You took it off Dowan on level 7 of the Dungeon)
 G - a wand of mindburst (10)
   (You found it on level 6 of the Dungeon)
 K - a wand of polymorph (8)
   (You found it on level 7 of the Dungeon)
Scrolls
 g - a scroll of identify {@r1}
 o - a scroll of magic mapping {!r}
 q - a scroll of brand weapon {unknown}
 L - a scroll of poison {unknown}
Potions
 d - 4 potions of might
 f - 2 potions of heal wounds {unknown}
 h - 5 potions of brilliance
 j - 6 potions of curing {@q1}
 l - a potion of lignification {unknown}
 p - a potion of degeneration {!q@e2}
 r - 2 potions of haste {unknown}
 s - 2 potions of flight
 w - a potion of invisibility {unknown}
 z - a potion of magic {unknown}
 E - a potion of resistance {unknown}
Miscellaneous
 x - a piece from Xom's chessboard (15/15)
   (You found it on level 5 of the Dungeon)
 y - a box of beasts
   (You found it on level 3 of the Dungeon)

Dungeon Overview and Level Annotations

Branches:
Dungeon (8/15) Zot: 26973  Temple (1/1) D:6 Zot: 5904
   Lair: D:8-11

Altars:
Hepliaklqana
Okawaru
Qazlal
Xom
The Shining One

Shops:
D:4 :   D:6 *

Annotations:
D:7 3 runed translucent doors, Chatter's ghost, novice GnCA; booth's ghost, novice DsCj

.#.### #.....#.....# #.#.....
.....# #.....#.....# #.#.....
.....# #.....#.....#####.......
.....# #.....##.#####....#.....
.....# ##......#.##....#........
.....# #...)...#.#..####........
.....# #....##...#.## #........
.....####....###Y.#.#####........
.....)).........@............####
.....##############....##....####
.................................
#####......########....##....####
...........# #.....)...##....#
...........# #.........##....#
...........# #.........##....####
...........# #.........#######...
...........# #.........# #...


You could see a death yak.


Message History

You kill the kobold!
No target in view!
No target in view!
No target in view!
No target in view!
No target in view!
No target in view!
k - 24 poisoned darts {throwing} (gained 8)
Items here: )) ††. 😎 HP[+4]
Your hp is fully restored (81).
i - 68 stones {throwing} (gained 5)
Things that are here:
a +0 short sword {short}; a +0 short sword {short}; a kobold corpse
i - 69 stones {throwing} (gained 1)
You now have 417 gold pieces (gained 26).
Things that are here:
a +0 whip {mace}; a kobold corpse
L - a scroll labelled ITOIPY WEMU You now have 426 gold pieces (gained 9).
Key pressed, stopping explore.
r - 2 emerald potions (gained 1)
Found a stone staircase leading up.
M - 5 javelins {throwing} You now have 441 gold pieces (gained 15).
Key pressed, stopping explore.
Booth's ghost turns its malevolent gaze towards you.
Chatter's ghost turns its malevolent gaze towards you.
Things that are here:
a +0 dagger {short}; a +0 short sword {short}
Items here: ))))) [.
There is a stone staircase leading down here.
You climb downwards.
The yak bellows!
The bullfrog gives a loud, deep croak!
There is a stone staircase leading up here.
The bullfrog misses you. You furiously retaliate!
You headbutt the bullfrog! You block the bullfrog's attack.
A death yak comes into view.
You barely miss the bullfrog.
The death yak bellows!
Your headbutt misses the bullfrog. The bullfrog misses you.
You furiously retaliate!
You headbutt the bullfrog.
A shadow imp comes into view.
You hit the bullfrog. You headbutt the bullfrog.
You kill the bullfrog!
Okawaru accepts your kill.
You barely miss the yak. You block the yak's attack.
You slash the yak! You headbutt the yak! The yak gores you!
The shadow imp gestures at you.
Pain shoots through your body! 😮 HP[-24]
You take 24 damage, and now have 57/81 hp.
MASSIVE DAMAGE!! (PAUSE)
You hit the yak. Your headbutt misses the yak. You block the yak's attack.
You slice the yak!!
You kill the yak!
Okawaru accepts your kill.
There is a stone staircase leading up here.
You block the death yak's attack.
You climb upwards.
Level annotation: 3 runed translucent doors, Chatter's ghost, novice GnCA; booth's ghost, novice DsCj
There is a stone staircase leading down here. 😮 HP[+1]
You slash the death yak!
You headbutt the death yak, but do no damage.
The death yak gores you! x2
* * * LOW HITPOINT WARNING * * *
😨 HP[-18]
You take 18 damage, and now have 40/81 hp.
MASSIVE DAMAGE!! (PAUSE)
You hit the death yak but do no damage. You headbutt the death yak.
The death yak gores you.
* * * LOW HITPOINT WARNING * * *
😨 HP[-1]
You take 1 damage, and now have 39/81 hp.
You hit the death yak but do no damage.
You headbutt the death yak, but do no damage.
You block the death yak's attack.
You hit the death yak.
You headbutt the death yak, but do no damage.
The death yak gores you.
* * * LOW HITPOINT WARNING * * *
😨 HP[-1]
You take 1 damage, and now have 38/81 hp.
You slash the death yak! You headbutt the death yak. The death yak gores you!
* * * LOW HITPOINT WARNING * * *
😨 HP[-8]
You take 8 damage, and now have 30/81 hp.
You hit the death yak. The death yak gores you!
* * * LOW HITPOINT WARNING * * *
😱 HP[-16]
You take 16 damage, and now have 14/81 hp.
You barely miss the death yak. You block the death yak's attack.
You barely miss the death yak. The death yak closely misses you.
You hit the death yak but do no damage. You block the death yak's attack.
You hit the death yak but do no damage. You headbutt the death yak!
You block the death yak's attack. 😱 HP[+1]
You slash the death yak! The death yak gores you!!
You die...

Skill      XL: |  1  2  3  4  5  6  7  8  9 |
---------------+----------------------------+-----
Axes           | 3 4 5 6 7 9 10 | 10.6
Fighting       | 4 5 6 7 8 |  8.1
Armour         | 4 5 6 7 8 |  8.2
Shields        | 4 5 6 7 8 |  8.1

Action                   |  1- 3 |  4- 6 |  7- 9 || total
-------------------------+-------+-------+-------++-------
Melee: War axe           |    75 |   120 |   182 ||   377
       Headbutt          |    10 |    19 |    43 ||    72
Evoke: Wand              |       |       |     1 ||     1
  Use: Scroll            |       |     7 |     4 ||    11
Armor: Scale mail        |    48 |    76 |    90 ||   214
Dodge: Dodged            |    51 |    62 |   126 ||   239
Block: Buckler           |    21 |    33 |    18 ||    72
       Kite shield       |       |       |    77 ||    77

Levels and vault maps discovered:
D:1:      enne_arrival_octagon_isle, layout_loops_corners,
          shapermc_ecumenical_altar_totnotflames, minmay_heptomino_l4
D:2:      layout_rooms, minmay_3d_cube, uniq_terence
D:3:      layout_basic, minivault_5
D:4:      layout_cave_pods, ebering_ghost_rock_garden, serial_shops, shop
D:5:      layout_cave_pools, nicolae_hepliaklqana_ecumenical_no_more,
          xom_butterflies
D:6:      layout_cave_pools, nicolae_tso_swordbearing_angel,
          minmay_temple_entry_trees, nicolae_shop_clearance
D:7:      layout_basic, gammafunk_ghost_cemetery, chequers_garden, uniq_duvessa,
          uniq_pikel
D:8:      layout_cave_pods, dpeg_lair_monsters, serial_shops,
          nicolae_shop_statue_plus, minmay_between
Temple:   minmay_temple_curvy_loop

Notes
Turn   | Place    | Note
-------+----------+-------------------------------------------
     0 | D:1      | Sanktem7 the Minotaur Fighter began the quest for the Orb.
     0 | D:1      | Reached XP level 1. HP: 19/19 MP: 0/0
     0 | D:1      | magus.rc [v1.9.6]
   272 | D:1      | Reached XP level 2. HP: 27/27 MP: 1/1
   310 | D:1      | Reached skill level 3 in Axes
   832 | D:1      | Found a faded altar of an unknown god.
   988 | D:1      | Reached skill level 4 in Fighting
   988 | D:1      | Reached skill level 4 in Armour
  1029 | D:2      | Reached XP level 3. HP: 33/33 MP: 2/2
  1030 | D:2      | Reached skill level 4 in Shields
  1387 | D:2      | Noticed Terence
  1391 | D:2      | Killed Terence
  1392 | D:2      | Reached XP level 4. HP: 36/40 MP: 3/3
  1463 | D:2      | Reached skill level 4 in Axes
  2332 | D:3      | Noticed a phantom
  2343 | D:3      | Killed a phantom
  2344 | D:3      | Reached XP level 5. HP: 37/47 MP: 4/4
  2424 | D:3      | You pick up a book of Geomancy and begin reading...
  2424 | D:3      | You add the spells Sandblast, Passwall and Stone Arrow to
                  | your library.
  2580 | D:4      | Reached skill level 5 in Axes
  2777 | D:4      | Reached XP level 6. HP: 28/55 MP: 5/5
  3080 | D:4      | Found a runed translucent gate.
  3080 | D:4      | Found a runed translucent gate.
  3080 | D:4      | Found a runed translucent gate.
  3094 | D:4      | Noticed promet's ghost (amateur GnWn)
  3364 | D:4      | Found Ithrampe's Book Shop.
  3555 | D:4      | Killed promet's ghost
  3556 | D:4      | Reached skill level 5 in Fighting
  3556 | D:4      | Reached skill level 6 in Axes
  3556 | D:4      | Reached skill level 5 in Armour
  3556 | D:4      | Reached skill level 5 in Shields
  3754 | D:5      | Entered Level 5 of the Dungeon
  3839 | D:5      | Noticed a steam dragon
  3846 | D:5      | HP: 14/56 [steam dragon/ball of steam (20)]
  3847 | D:5      | HP: 6/56 [steam dragon] (8)]
  3848 | D:5      | Killed a steam dragon
  3849 | D:5      | Reached XP level 7. HP: 7/61 MP: 6/6
  4125 | D:5      | You pick up a book of Fire and begin reading...
  4125 | D:5      | You add the spells Fireball, Starburst and Ignition to your
                  | library.
  4469 | D:5      | Found a shimmering altar of Xom.
  4512 | D:5      | Found a faded altar of an unknown god.
  4512 | D:5      | Found a faded altar of an unknown god.
  4512 | D:5      | Found a hazy altar of Hepliaklqana.
  4516 | D:5      | Found a faded altar of an unknown god.
  4629 | D:5      | Reached skill level 7 in Axes
  4629 | D:5      | Reached skill level 6 in Armour
  4855 | D:6      | Reached skill level 6 in Fighting
  4855 | D:6      | Reached skill level 6 in Shields
  4856 | D:6      | Reached XP level 8. HP: 51/70 MP: 7/7
  4895 | D:6      | Reached skill level 8 in Axes
  5248 | D:6      | Found a staircase to the Ecumenical Temple.
  5262 | Temple   | Entered the Ecumenical Temple
  5312 | Temple   | Became a worshipper of Warmaster Okawaru
  5474 | D:6      | Found Jarui's CLEARANCE SALE!.
  5620 | D:6      | Found a glowing golden altar of the Shining One.
  5920 | D:7      | Reached skill level 7 in Armour
  5963 | D:7      | Reached skill level 7 in Fighting
  5963 | D:7      | Reached skill level 7 in Shields
  6091 | D:7      | Reached skill level 9 in Axes
  6216 | D:7      | Noticed a hornet
  6219 | D:7      | Paralysed by a hornet for 3 turns
  6227 | D:7      | Killed a hornet
  6227 | D:7      | Reached * piety under Okawaru
  6367 | D:7      | Noticed Duvessa
  6367 | D:7      | Noticed Dowan
  6383 | D:7      | Reached XP level 9. HP: 69/79 MP: 8/8
  6396 | D:7      | Killed Duvessa
  6399 | D:7      | Killed Dowan
  6731 | D:7      | Noticed Pikel
  6923 | D:7      | Found a runed translucent gate.
  6923 | D:7      | Found a runed translucent gate.
  6924 | D:7      | Found a runed translucent gate.
  6928 | D:7      | Noticed booth's ghost (novice DsCj)
  6928 | D:7      | Noticed Chatter's ghost (novice GnCA)
  6940 | D:7      | Killed Pikel
  6940 | D:7      | Reached ** piety under Okawaru
  6941 | D:7      | Reached skill level 10 in Axes
  6941 | D:7      | Reached skill level 8 in Armour
  6965 | D:7      | Reached skill level 8 in Fighting
  6965 | D:7      | Reached skill level 8 in Shields
  7173 | D:8      | Noticed a death yak
  7189 | D:7      | HP: 14/81 [death yak (17)]
  7194 | D:7      | Mangled by a death yak

Vanquished Creatures
  Pikel (D:7)
  The ghost of promet the Protected, an amateur GnWn (D:4)
  A hornet (D:7)
  A yak (D:8)
  A steam dragon (D:5)
  A water moccasin (D:5)
  Duvessa (D:7)
  2 sky beasts (D:7)
  A black bear (D:6)
  An ogre (D:5)
  2 phantoms
  A centaur (D:7)
  A gnoll sergeant (D:6)
  2 necrophages (D:6)
  2 bullfrogs
  2 kobold brigands (D:7)
  Dowan (D:7)
  5 killer bees (D:7)
  A howler monkey (D:6)
  2 hounds
  2 orc priests
  A gnoll bouda (D:6)
  Terence (D:2)
  2 iguanas
  3 orc wizards (D:7)
  12 gnolls
  5 adders
  2 ufetubi
  A worm (D:3)
  3 dart slugs
  11 orcs
  9 ball pythons
  14 bats
  3 endoplasms
  2 giant cockroaches
  4 goblins
  4 hobgoblins
  10 jackals
  22 kobolds
  4 quokkas
  3 frilled lizards
  2 rats
150 creatures vanquished.

Vanquished Creatures (others)
  5 withered plants (D:7)
5 creatures vanquished.

Grand Total: 155 creatures vanquished

Table legend:
 A = Non-vault XP
 B = Vault XP
 C = Vault XP percentage of total XP
 D = Non-vault monster count
 E = Vault monster count
 F = Vault count percentage of total count
                 A         B        C        D         E       F
            +---------+---------+-------+---------+---------+-------
      Total |    3237 |    1364 |  29.6 |     138 |      12 |   8.0
            +---------+---------+-------+---------+---------+-------
        D:1 |      32 |       7 |  17.9 |      19 |       4 |  17.4
        D:2 |      49 |      39 |  44.3 |      14 |       3 |  17.6
        D:3 |     157 |       0 |   0.0 |      21 |       0 |   0.0
        D:4 |     148 |     268 |  64.4 |      24 |       1 |   4.0
        D:5 |     588 |       0 |   0.0 |      10 |       0 |   0.0
        D:6 |     581 |       0 |   0.0 |      12 |       0 |   0.0
        D:7 |    1594 |     857 |  35.0 |      37 |       3 |   7.5
        D:8 |      88 |     193 |  68.7 |       1 |       1 |  50.0
            +---------+---------+-------+---------+---------+-------

Illustrated notes

Table legend:
 A = Kills in this place as a percentage of kills in entire the game.
 B = Kills by you in this place as a percentage of kills by you in the entire game.
 C = Kills by friends in this place as a percentage of kills by friends in the entire game.
 D = Other kills in this place as a percentage of other kills in the entire game.
 E = Experience gained in this place as a percentage of experience gained in the entire game.
 F = Experience gained in this place divided by the number of levels of this place that you have seen.
                   A       B       C       D       E      F
               +-------+-------+-------+-------+-------+----------------------
         Total | 100.0 | 100.0 |   N/A |   N/A | 100.0 | 511.2
       Dungeon | 100.0 | 100.0 |   N/A |   N/A | 100.0 | 575.1
               +-------+-------+-------+-------+-------+----------------------

Table legend: (Time is in decaauts)
 A = Elapsed time spent in this place.
 B = Non-inter-level travel time spent in this place.
 C = Inter-level travel time spent in this place.
 D = Time resting spent in this place.
 E = Time spent auto-exploring this place.
 F = Levels seen in this place.
 G = Mean time per level.
                   A        B        C        D        E       F      G
               +--------+--------+--------+--------+--------+-----+--------+
         Total |   7304 |   7020 |    284 |     23 |   5972 |   9 |  811.6 |
       Dungeon |   7208 |   6968 |    240 |     23 |   5932 |   8 |  901.0 |
        Temple |     95 |     51 |     44 |      0 |     40 |   1 |   95.0 |
               +--------+--------+--------+--------+--------+-----+--------+

Top non-repeatable levels by time:
     D:7: 1533 daAuts
     D:4: 1226 daAuts
     D:5: 1084 daAuts
     D:1: 1046 daAuts
     D:3: 987 daAuts
     D:6: 762 daAuts
     D:2: 555 daAuts
  Temple: 95 daAuts
     D:8: 12 daAuts
